 Dungeon Crawl Stone Soup version 0.18.1-48-g4cf74bf (webtiles) character file.

403340 Alarkh the Marksmummy (level 22, 0/172 HPs)
             Began as a Mummy Hunter on Aug 13, 2016.
             Was the Champion of Okawaru.
             Killed by dispel undead
             ... invoked by a revenant
              (57 damage)
             ... on level 2 of the Crypt.
             The game lasted 02:26:21 (54277 turns).

Alarkh the Marksmummy (Mummy Hunter)               Turns: 54277, Time: 02:26:22

Health: 0/172      AC: 24    Str: 16    XL:     22   Next: 32%
Magic:  36/36      EV: 24    Int: 23    God:    Okawaru [******]
Gold:   1838       SH:  0    Dex: 18    Spells: 6 memorised, 16 levels left

rFire  . . .     SeeInvis +     b - +9 longbow (flame)
rCold  + . .     Gourm    .     m - +3 leather armour of a sewer {Slay+4}
rNeg   + + +     Faith    .     (shield currently unavailable)
rPois  ∞         Spirit   .     t - +2 helmet {rF+}
rElec  .         Dismiss  .     g - +2 cloak {+Inv}
rCorr  .         Reflect  .     V - +2 pair of fencer's gloves {LBl+4 SBl+4 EV+3 Dex+6}
SustAt .         Harm     +     l - +0 pair of boots of Coronation {Int+3}
MR     ++...                    s - amulet of harm
Stlth  ++++......               f - ring of see invisible
                                o - +5 ring of protection

@: repel missiles, very resistant to hostile enchantments, stealthy
A: no food or potions, fire vulnerability, cold resistance 1, negative energy
resistance 3, torment resistance, unbreathing, in touch with death 1, restore
body
a: Self-Restoration, Heroism, Finesse, Renounce Religion, Evoke Invisibility
}: 2/15 runes: serpentine, barnacled


You were on level 2 of the Crypt.
You worshipped Okawaru.
Okawaru was exalted by your worship.
You were not hungry.

You visited 9 branches of the dungeon, and saw 43 of its levels.
You also visited: Labyrinth, Sewer, Ossuary and Volcano.

You collected 5105 gold pieces.
You spent 3267 gold pieces at shops.

Inventory:

Hand Weapons
 a - the +7 longbow "Beetleslayer" {freeze, rElec Int-4 Dex+4 Stlth+}
   (Okawaru gifted it to you on level 7 of the Lair of Beasts)

   It causes projectiles fired from it to freeze those they strike, causing
   extra injury to most foes and up to half again as much damage against
   particularly susceptible opponents.
   They can also slow down cold-blooded creatures.
   It affects your intelligence (-4).
   It affects your dexterity (+4).
   It insulates you from electricity.
   It makes you more stealthy.
 b - a +9 longbow of flaming (weapon)
 w - a +5 demon trident of electrocution
Missiles
 d - 1545 arrows (quivered)
 v - 3 throwing nets
Armour
 g - a +2 cloak of invisibility (worn)
 l - the +0 pair of boots of Coronation (worn) {Int+3}
   (You found it on level 4 of the Lair of Beasts)

   It affects your intelligence (+3).
 m - the +3 leather armour of a sewer (worn) {Slay+4}
   (You found it on level 1 of the Snake Pit)

   It affects your accuracy and damage with ranged weapons and melee attacks
   (+4).
 t - a +2 helmet of fire resistance (worn)
 V - the +2 pair of fencer's gloves (worn) {LBl+4 SBl+4 EV+3 Dex+6}
   (You found it in a labyrinth)

   It affects your evasion (+3).
   It affects your dexterity (+6).
Jewellery
 f - a ring of see invisible (right hand)
 h - an uncursed ring of resist corrosion
 o - a +5 ring of protection (left hand)
 q - an uncursed ring of flight
 s - an amulet of harm (around neck)
 G - an uncursed ring of sustain attributes
 H - an uncursed ring of teleportation
 I - an uncursed ring of protection from fire
 J - an uncursed amulet of regeneration
Wands
 c - a wand of hasting (4/9)
 r - a wand of teleportation (3/9)
 y - a wand of hasting (3/9)
 F - a wand of digging (12/24)
 W - a wand of heal wounds (2/9)
 X - a wand of teleportation (5/9)
Scrolls
 e - 5 scrolls of identify
 i - 4 scrolls of recharging
 p - 3 scrolls of torment
 x - a scroll of fear
 z - 2 scrolls of summoning
 B - a scroll of fog
 C - 4 scrolls of vulnerability
 K - 7 scrolls of remove curse
 M - 4 scrolls of magic mapping
Miscellaneous
 j - a phantom mirror
 n - an ornate deck of destruction {the Hammer}
 A - an ornate deck of summoning {the Pentagram}


   Skills:
 + Level 14.0 Fighting
 * Level 18.9 Bows
 + Level 11.5 Armour
 + Level 11.4 Dodging
 + Level 10.2 Stealth
 + Level 10.3 Spellcasting
 - Level 7.0 Conjurations
 * Level 9.1 Charms
 * Level 4.6 Summonings
 * Level 8.0 Air Magic
 - Level 8.0 Invocations
 - Level 8.0 Evocations


You had 16 spell levels left.
You knew the following spells:

 Your Spells              Type           Power        Failure   Level  Hunger
c - Mephitic Cloud        Conj/Pois/Air  ####....     2%          3    N/A
d - Repel Missiles        Chrm/Air       ######       1%          2    N/A
e - Aura of Abjuration    Summ           ####......   28%         5    N/A
f - Haste                 Chrm           ######..     24%         6    N/A
r - Conjure Flame         Conj/Fire      ####....     4%          3    N/A
t - Deflect Missiles      Chrm/Air       ######....   30%         6    N/A

Dungeon Overview and Level Annotations

Branches:
Dungeon (15/15)            Temple (1/1) D:7            Lair (8/8) D:10
 Shoals (4/4) Lair:3        Snake (4/4) Lair:6        Slime (0/6) Lair:8
    Orc (2/2) D:11            Elf (3/3) Orc:2        Vaults (4/5) D:14
  Crypt (2/3) Vaults:3     Depths (0/5) D:15

Altars:
Ashenzari
Cheibriados
Dithmenos
Elyvilon
Fedhas
Gozag
Kikubaaqudgha
Makhleb
Nemelex Xobeh
Okawaru
Pakellas
Qazlal
Ru
Sif Muna
Trog
Vehumet
Xom
Yredelemnul
Zin
The Shining One
Beogh

Shops:
D:4 (   D:7 *   D:12 :   Orc:1 }   Orc:2 }*=(   Elf:2 =   Shoals:1 =

Annotations:
Vaults:4 Boris, Mennas


Innate Abilities, Weirdness & Mutations

You do not eat or drink.
Your flesh is vulnerable to fire.
You are immune to poison.
Your flesh is cold resistant.
You are immune to negative energy.
You are immune to unholy pain and torment.
You can survive without breathing.
You are in touch with the powers of death.
You can restore your body by infusing magical energy.


Message History

Read which item? (? for menu, Esc to quit)
As you read the scroll of teleportation, it crumbles to dust.
You feel strangely unstable. The ancient champion misses you.
The deep elf death mage hits you but does no damage.
The giant frog zombie completely misses you.
The manticore skeleton closely misses you.
The manticore skeleton claws you but does no damage.
The manticore skeleton completely misses you.
The ancient champion hits you with a great sword of draining!
Your surroundings suddenly seem different.
A flayed ghost, a phantasmal warrior, a skeleton and a revenant come into view.
Firing (i - inventory. (,) - cycle):
d - 1546 arrows (quivered)
Press: ? - help, Shift-Dir - straight line, f - revenant
Aim: a revenant (resting)
You shoot an arrow. The arrow hits the revenant!!
The arrow burns the revenant.
The revenant shouts!
The revenant is moderately damaged.
The revenant gestures violently at you.
You convulse!
You die...

####..........#
..............#
..............+
............#
.W.........+
#L........#
#....Z....#
#..@......#
#.........#
#.........#
#...W.....#
#.........#
###########


You could see a revenant, a flayed ghost, a phantasmal warrior and a fire giant
skeleton.

Vanquished Creatures
  Mara (Shoals:3)
  Vashnia (Snake:4)
  Norris (Vaults:2)
  Nikola (Shoals:1)
  Xtahua (Vaults:2)
  Asterion (Snake:1)
  A kraken (Shoals:3)
  2 deep elf blademasters (Elf:3)
  The ghost of Inkary the Warrior, an adept MiFi of Okawaru (Shoals:4)
  Frances (Shoals:1)
  A sphinx (Vaults:3)
  A deep elf master archer (Elf:3)
  An ancient champion (Crypt:1)
  A shadow dragon (Vaults:3)
  A tengu reaver (Vaults:2)
  Roxanne (Elf:1)
  Ilsuiw (Shoals:4)
  10 greater nagas (Snake:4)
  4 deep elf sorcerers
  Wiglaf (Vaults:2)
  Donald (Snake:3)
  4 vault wardens
  A fire giant (Vaults:3)
  Aizul (Snake:2)
  A frost giant (shapeshifter) (Vaults:2)
  A ghoul (Crypt:2)
  10 ironheart preservers
  4 stone giants
  4 deep elf elementalists (Elf:3)
  7 deep elf demonologists
  9 deep elf annihilators
  2 salamander stormcallers
  An eidolon (Crypt:1)
  The ghost of daning the Carver, a journeyman HESk of Okawaru (Lair:8)
  A minotaur (Lab)
  9 deep elf death magi
  7 merfolk javelineers
  6 merfolk impalers
  Josephine (D:12)
  6 vault guards
  The ghost of damerell the Protected, a journeyman DDBe of Trog (Lair:2)
  Erolcha (D:13)
  2 deep elf high priests (Elf:3)
  5 yaktaur captains
  3 fire dragons
  The ghost of ThereIsNoGod the Cleaver, a journeyman MiGl of Makhleb (D:11)
  An ice dragon (Vaults:2)
  19 naga warriors
  An entropy weaver (shapeshifter) (D:13)
  2 great orbs of eyes (Vaults:3)
  8 hydras
  3 merfolk aquamancers (Shoals:4)
  2 catoblepae
  8 centaur warriors
  5 ogre magi
  6 death knights
  The ghost of ThereIsNoGod the Cleaver, a novice MiGl of Makhleb (D:10)
  An alligator snapping turtle (Shoals:2)
  24 dancing weapons
  4 merfolk avatars
  9 anacondas
  2 deep troll shamans
  23 death yaks
  2 vampire magi (Crypt:1)
  2 deep troll earth magi
  A satyr (Shoals:3)
  7 shock serpents
  Urug (Lair:1)
  23 naga sharpshooters
  26 deep elf knights
  23 skeletal warriors
  2 fire crabs
  20 sea snakes
  7 salamander mystics
  An unseen horror (shapeshifter) (Vaults:1)
  3 giant orange brains
  3 flayed ghosts
  10 hill giants
  6 naga ritualists
  17 deep elf archers
  4 phantasmal warriors
  4 unseen horrors
  A lindwurm (Lair:8)
  26 harpies
  A wolf spider zombie (D:8)
  10 ironbrand convokers
  5 wizards
  15 orc knights
  A harpy (shapeshifter) (Vaults:2)
  77 deep elf magi
  A necromancer (Vaults:1)
  2 orc sorcerers
  4 wolf spiders
  A shadow dragon skeleton (Crypt:1)
  22 ugly things
  13 salamanders
  5 mana vipers
  3 oklob plants (Lair:8)
  2 hornets (Vaults:1)
  12 griffons
  10 cyclopes
  18 manticores
  14 fauns
  An octopode (shapeshifter) (D:14)
  18 elephants
  6 sirens
  17 naga magi
  37 black mambas
  7 guardian serpents
  A torpor snail (Lair:7)
  5 vault sentinels
  9 water nymphs
  A yaktaur zombie (Vaults:1)
  A centaur skeleton (D:14)
  5 gargoyles
  18 spiny frogs
  7 freezing wraiths
  6 rime drakes
  9 komodo dragons
  32 yaktaurs
  4 kobold demonologists
  A yaktaur (shapeshifter) (Vaults:2)
  A tengu conjurer (D:14)
  2 efreet (D:13)
  3 jumping spiders
  3 polar bears
  A troll (shapeshifter) (Elf:3)
  25 merfolk
  A wolf spider simulacrum (D:15)
  8 trolls
  6 two-headed ogres
  4 wind drakes
  22 blink frogs
  2 blink frogs (shapeshifter)
  2 slime creatures
  A bog body (Crypt:2)
  A boulder beetle (Lair:6)
  A raiju (shapeshifter) (Elf:2)
  13 snapping turtles
  An ice dragon skeleton (Vaults:1)
  4 redbacks
  A spriggan (D:11)
  11 water elementals
  2 shadows
  6 flying skulls (Crypt:1)
  10 wraiths
  2 wyverns
  An air elemental (Elf:3)
  2 tarantellas (Vaults:2)
  A black mamba skeleton (Crypt:1)
  A guardian serpent skeleton (Crypt:1)
  A vampire (D:11)
  2 fire elementals
  60 yaks
  18 vampire mosquitoes
  8 basilisks
  A steam dragon (Lair:6)
  11 hippogriffs
  3 hungry ghosts
  A mottled dragon (D:15)
  A swamp worm (shapeshifter) (D:13)
  A soldier ant (D:12)
  10 wargs
  57 nagas
  2 hell hounds (D:10)
  19 water moccasins
  6 porcupines
  2 black bears
  54 orc warriors
  4 ice beasts
  3 eyes of draining
  A wasp (D:12)
  4 sky beasts
  16 wolves
  A necrophage (Crypt:2)
  38 centaurs
  26 ogres
  2 phantoms
  10 boggarts
  11 big kobolds
  10 crocodiles
  A dryad zombie (Crypt:1)
  25 giant frogs
  A wyvern zombie (D:14)
  2 earth elementals (Elf:1)
  3 wyvern skeletons
  6 scorpions
  4 human simulacra
  An elf simulacrum (Vaults:2)
  14 killer bees
  2 electric eels
  5 wights
  2 howler monkeys (D:8)
  3 centaur zombies
  5 crimson imps
  8 hounds
  2 quasits
  5 giant frog zombies
  An iron imp (D:5)
  17 orc priests
  20 orc wizards
  A demonspawn skeleton (Crypt:1)
  6 iguanas
  Ijyb (D:2)
  Terence (D:2)
  11 worker ants
  A two-headed ogre skeleton (Crypt:1)
  13 sheep
  A big kobold zombie (Ossuary)
  A deep dwarf zombie (Crypt:1)
  A hound zombie (D:6)
  A hound skeleton (D:11)
  8 mummies (Ossuary)
  13 adders
  10 gnolls (D:4)
  45 river rats
  A shadow imp (D:11)
  3 oozes
  2 adder zombies
  An adder skeleton (D:6)
  An iguana skeleton (Crypt:1)
  4 worms
  2 dart slugs
  A giant gecko (D:2)
  106 orcs
  2 bats (D:1)
  3 bat zombies (D:8)
  7 giant cockroaches
  30 goblins
  31 hobgoblins
  19 jackals
  4 quokkas
  13 ball pythons
  8 giant newts
  A gnoll zombie (Ossuary)
  4 hobgoblin zombies (Ossuary)
  51 kobolds
  A kobold zombie (Ossuary)
  An orc zombie (Ossuary)
  A quokka zombie (D:7)
  30 rats
  5 crawling corpses (Elf:3)
  A fungus (Lair:7)
  A lost soul (Crypt:1)
  6 plants
  3 tentacles (Shoals:3)
1937 creatures vanquished.

Vanquished Creatures (others)
  A deep elf mage (Vaults:1)
  A manticore (D:13)
  A centaur zombie (D:13)
  A wyvern (D:6)
  A fire elemental (Elf:2)
  A centaur (Orc:2)
  27 fungi
  10 plants
  2 tentacles (Shoals:3)
  98 tentacle segments (Shoals:3)
143 creatures vanquished.

Grand Total: 2080 creatures vanquished

Notes
Turn   | Place    | Note
--------------------------------------------------------------
     0 | D:1      | Alarkh the Mummy Hunter began the quest for the Orb.
     0 | D:1      | Reached XP level 1. HP: 16/16 MP: 1/1
   138 | D:1      | Reached XP level 2. HP: 22/22 MP: 2/2
   639 | D:2      | Reached skill level 4 in Bows
   655 | D:2      | Noticed Ijyb
   669 | D:2      | Killed Ijyb
   669 | D:2      | Reached XP level 3. HP: 17/27 MP: 3/3
   685 | D:2      | Noticed Terence
   689 | D:2      | Killed Terence
   689 | D:2      | Reached XP level 4. HP: 24/33 MP: 4/4
  1098 | D:2      | Reached skill level 5 in Bows
  1204 | D:2      | Found an iron altar of Okawaru.
  1218 | D:2      | Became a worshipper of Warmaster Okawaru
  1791 | D:3      | Found a sparkling altar of Nemelex Xobeh.
  1866 | D:3      | Found a faded altar to an unknown god.
  1882 | D:3      | Reached XP level 5. HP: 34/38 MP: 5/5
  2450 | D:4      | Found Janehydu's Weapon Emporium.
  2470 | D:4      | Bought 16 arrows for 35 gold pieces
  2470 | D:4      | Bought 9 arrows for 19 gold pieces
  2536 | D:4      | Found a sand-covered staircase.
  2553 | Ossuary  | Entered an ossuary
  2725 | Ossuary  | Reached skill level 6 in Bows
  2748 | Ossuary  | Reached XP level 6. HP: 44/44 MP: 6/6
  3058 | D:4      | Bought the cursed +3 shortbow of Cenakha {velocity, Dex+2} for 304 gold pieces
  3161 | D:4      | Reached * piety under Okawaru
  3302 | D:4      | Reached skill level 7 in Bows
  3305 | D:4      | Reached XP level 7. HP: 50/50 MP: 7/7
  3861 | D:4      | Reached ** piety under Okawaru
  3861 | D:4      | Reached skill level 8 in Bows
  3928 | D:4      | Found a shadowy altar of Dithmenos.
  4116 | D:5      | Entered Level 5 of the Dungeon
  4153 | D:5      | Reached XP level 8. HP: 56/56 MP: 8/8
  4662 | D:5      | Reached skill level 9 in Bows
  4779 | D:5      | Found a snail-covered altar of Cheibriados.
  5467 | D:6      | Found a glowing drain.
  5501 | Sewer    | Entered a sewer
  5714 | Sewer    | Reached skill level 10 in Bows
  6447 | D:6      | Found an oddly glowing altar of Pakellas.
  6447 | D:6      | Noticed an orange crystal statue
  6564 | D:7      | Reached *** piety under Okawaru
  6638 | D:7      | Found Paodoski's Assorted Antiques.
  6650 | D:7      | Bought a fine shortbow for 216 gold pieces
  6650 | D:7      | Bought a scroll labeled KADGHY HESKIDO for 27 gold pieces
  6651 | D:7      | Identified the +4 shortbow of Kailuhus {venom, rElec rF+} (You bought it in a shop on level 7 of the Dungeon)
  6699 | D:7      | Reached XP level 9. HP: 45/61 MP: 9/9
  6885 | D:7      | Found a staircase to the Ecumenical Temple.
  6937 | Temple   | Entered the Ecumenical Temple
  7278 | D:7      | Found a deep blue altar of Sif Muna.
  7473 | D:8      | Learned a level 3 spell: Mephitic Cloud
  7491 | D:8      | Learned a level 3 spell: Conjure Flame
  7518 | D:8      | Found a sparkling altar of Nemelex Xobeh.
  7518 | D:8      | Found a radiant altar of Vehumet.
  7584 | D:8      | Reached skill level 1 in Spellcasting
  7788 | D:8      | Reached skill level 1 in Conjurations
  7809 | D:8      | Found a bloodstained altar of Trog.
  7860 | D:8      | Reached skill level 11 in Bows
  7891 | D:8      | Found an ancient bone altar of Kikubaaqudgha.
  8267 | D:8      | Reached **** piety under Okawaru
  8407 | D:9      | Received a gift from Okawaru
  8523 | D:9      | Reached XP level 10. HP: 56/71 MP: 14/14
  8637 | D:9      | Got a bloodstained morningstar
  8638 | D:9      | Identified the +4 morningstar of Chagrin {crush, *Rage rElec rF+} (You found it on level 9 of the Dungeon)
  8908 | D:9      | Reached ***** piety under Okawaru
  9101 | D:10     | Entered Level 10 of the Dungeon
  9127 | D:10     | Received a gift from Okawaru
  9145 | D:10     | Found a staircase to the Lair.
  9303 | D:10     | Noticed a hill giant
  9310 | D:10     | Killed a hill giant
  9310 | D:10     | Reached skill level 12 in Bows
  9379 | D:10     | Reached skill level 5 in Fighting
  9420 | D:10     | Noticed a hill giant
  9430 | D:10     | Killed a hill giant
  9430 | D:10     | Received a gift from Okawaru
  9433 | D:10     | Got a spiked hat {god gift}
  9439 | D:10     | Identified the +0 hat "Wigan" {Int+4} (Okawaru gifted it to you on level 10 of the Dungeon)
  9516 | D:10     | Noticed a gargoyle
  9531 | D:10     | Killed a gargoyle
  9531 | D:10     | Reached skill level 1 in Armour
  9674 | D:10     | Noticed ThereIsNoGod's ghost (novice MiGl)
 10154 | D:10     | Reached XP level 11. HP: 80/80 MP: 17/17
 10209 | Lair:1   | Entered Level 1 of the Lair of Beasts
 10680 | Lair:1   | Noticed Urug
 10689 | Lair:1   | Killed Urug
 11304 | Lair:1   | Reached skill level 5 in Spellcasting
 11551 | Lair:2   | Reached skill level 5 in Conjurations
 11629 | Lair:2   | Noticed damerell's ghost (journeyman DDBe)
 11894 | Lair:3   | Received a gift from Okawaru
 11923 | Lair:3   | Received a gift from Okawaru
 12255 | Lair:3   | Reached XP level 12. HP: 89/89 MP: 20/20
 12256 | Lair:3   | Noticed a five-headed hydra
 12263 | Lair:3   | Killed a five-headed hydra
 12569 | Lair:3   | Found a staircase to the Shoals.
 12734 | Lair:3   | Found a sparkling altar of Nemelex Xobeh.
 12859 | Lair:3   | Reached skill level 13 in Bows
 13027 | Lair:4   | Noticed a death yak
 13027 | Lair:4   | Noticed a death yak
 13028 | Lair:4   | Noticed a death yak
 13028 | Lair:4   | Noticed a death yak
 13082 | Lair:4   | Noticed a death yak
 13136 | Lair:3   | Killed a death yak
 13182 | Lair:4   | Noticed an eight-headed hydra
 13199 | Lair:4   | Killed an eight-headed hydra
 13319 | Lair:4   | Got a pair of slimy boots
 13330 | Lair:4   | Identified the +0 pair of boots of Coronation {Int+3} (You found it on level 4 of the Lair of Beasts)
 13402 | Lair:4   | Noticed a death yak
 13408 | Lair:4   | Killed a death yak
 13470 | Lair:4   | Killed a death yak
 13487 | Lair:4   | Killed a death yak
 13487 | Lair:4   | Received a gift from Okawaru
 13509 | Lair:4   | Killed a death yak
 13535 | Lair:4   | Killed a death yak
 14295 | Lair:5   | Reached skill level 5 in Dodging
 14430 | Lair:5   | Found a labyrinth entrance.
 14497 | Lab      | Entered a labyrinth
 14829 | Lab      | Noticed a minotaur
 14861 | Lab      | Killed a minotaur
 14878 | Lab      | Identified the Tome of Envenoming and Weightlessness
 14878 | Lab      | Got a coiled ruby amulet
 14884 | Lair:5   | Identified the amulet "Ireqiem" {RegenMP rF+ Int+4 Dex-4} (You found it in a labyrinth)
 14888 | Lair:5   | Learned a level 2 spell: Repel Missiles
 14888 | Lair:5   | Identified a +3 rod of ignition (12/12) (You took it off a minotaur in a labyrinth)
 14889 | Lair:5   | Identified a +4 rod of ignition (12/12) (You found it in a labyrinth)
 14890 | Lair:5   | Identified a +8 rod of inaccuracy (12/12) (You found it in a labyrinth)
 15150 | Lair:5   | Reached skill level 5 in Armour
 15237 | Lair:4   | Gained mutation: You are in touch with the powers of death. [Mummy growth]
 15237 | Lair:4   | Gained mutation: You can restore your body by infusing magical energy. [Mummy growth]
 15237 | Lair:4   | Reached XP level 13. HP: 37/97 MP: 22/22
 15678 | Lair:5   | Received a gift from Okawaru
 15948 | Lair:5   | Received a gift from Okawaru
 15948 | Lair:5   | Reached skill level 1 in Charms
 16402 | Lair:6   | Found a dark tunnel.
 16422 | Volcano  | Entered a volcano
 16441 | Volcano  | Found a bloodstained altar of Trog.
 17125 | Lair:6   | Identified a scroll of acquirement
 17136 | Lair:6   | Found a staircase to the Snake Pit.
 18047 | Lair:4   | Reached skill level 14 in Bows
 19252 | Lair:7   | Reached ****** piety under Okawaru
 19379 | Lair:7   | Received a gift from Okawaru
 19581 | Lair:7   | Reached XP level 14. HP: 106/106 MP: 25/25
 20289 | Lair:8   | Entered Level 8 of the Lair of Beasts
 20726 | Lair:7   | Received a gift from Okawaru
 20736 | Lair:7   | Got a scorched longbow {god gift}
 20737 | Lair:7   | Identified the +7 longbow "Beetleslayer" {freeze, rElec Int-4 Dex+4 Stlth+} (Okawaru gifted it to you on level 7 of the Lair of Beasts)
 20937 | Lair:8   | Noticed daning's ghost (journeyman HESk)
 21872 | Lair:8   | Got a faintly glowing wooden ring
 21874 | Lair:8   | Got a twitching bone amulet
 21880 | Lair:8   | Identified the cursed ring "Hityat" {rC+ EV-2} (You found it on level 8 of the Lair of Beasts)
 21982 | Lair:8   | Found a staircase to the Slime Pits.
 21990 | Lair:8   | Received a gift from Okawaru
 21995 | Lair:8   | Got a bloodstained buckler {god gift}
 22412 | Lair:8   | Killed daning's ghost
 22552 | Lair:2   | Identified the +0 buckler "Owiyt" {Str+4 Dex+3} (Okawaru gifted it to you on level 8 of the Lair of Beasts)
 22632 | Lair:2   | Killed damerell's ghost
 22771 | D:7      | Bought a scroll of identify for 54 gold pieces
 22771 | D:7      | Bought a paperback book for 405 gold pieces
 23029 | D:10     | Found a staircase to the Lair.
 23135 | D:10     | Killed ThereIsNoGod's ghost
 23386 | D:11     | Found a staircase to the Orcish Mines.
 23463 | D:11     | Got a fine scale mail
 23474 | D:11     | Identified the cursed +0 scale mail of Omnaf {*Drain rC++ Stlth+} (You found it on level 11 of the Dungeon)
 23576 | D:11     | Reached XP level 15. HP: 115/115 MP: 27/27
 23706 | D:11     | Reached skill level 15 in Bows
 23788 | D:11     | Noticed ThereIsNoGod's ghost (journeyman MiGl)
 24154 | Orc:1    | Entered Level 1 of the Orcish Mines
 24621 | Orc:1    | Reached skill level 1 in Stealth
 24711 | Orc:1    | Found Deklas's Gadget Shoppe.
 24906 | Orc:2    | Entered Level 2 of the Orcish Mines
 24906 | Orc:2    | Found a staircase to the Elven Halls.
 25085 | Orc:1    | Found a roughly hewn altar of Beogh.
 25238 | Orc:1    | Reached skill level 1 in Evocations
 25297 | Orc:1    | Reached skill level 1 in Invocations
 26260 | Orc:2    | Found Uckyex's General Store.
 26260 | Orc:2    | Found Jufixt's Jewellery Emporium.
 26262 | Orc:2    | Found Waxiadod's Weapon Shoppe.
 26264 | Orc:2    | Found Jezusk's Gadget Shop.
 26271 | Orc:2    | Bought 7 arrows for 19 gold pieces
 26278 | Orc:2    | Bought 21 arrows for 50 gold pieces
 26278 | Orc:2    | Bought a scroll of identify for 24 gold pieces
 26278 | Orc:2    | Bought a scroll of identify for 24 gold pieces
 26278 | Orc:2    | Bought a scroll of identify for 24 gold pieces
 26279 | Orc:2    | Bought a +4 ring of evasion for 576 gold pieces
 26279 | Orc:2    | Bought an uncursed amulet of regeneration for 480 gold pieces
 26279 | Orc:2    | Identified the amulet of Haytu {Dismiss rC+++ Int-5 Stlth+} (You found it on level 8 of the Lair of Beasts)
 26712 | D:11     | Found a staircase to the Orcish Mines.
 26854 | D:11     | Killed ThereIsNoGod's ghost
 27044 | D:12     | Received a gift from Okawaru
 27157 | D:12     | Reached skill level 10 in Fighting
 27209 | D:12     | Noticed Josephine
 27231 | D:12     | Killed Josephine
 27459 | D:12     | Got an encrusted scale mail
 27470 | D:12     | Identified the +6 scale mail "Syrabo Zoty" {Dex+6} (You found it on level 12 of the Dungeon)
 27787 | D:12     | Found Taceegri's Book Shoppe.
 27902 | D:13     | Noticed Erolcha
 28169 | D:13     | Killed Erolcha
 28612 | D:13     | Received a gift from Okawaru
 28642 | D:13     | Got a slimy steel ring
 28652 | D:13     | Identified the ring of Nemelex Xobeh's Esteem {rPois MP+9 Int-3 Stlth+} (You found it on level 13 of the Dungeon)
 29707 | D:14     | Reached XP level 16. HP: 123/123 MP: 28/28
 29763 | D:14     | Received a gift from Okawaru
 29765 | D:14     | Got a jewelled hunting sling {god gift}
 29766 | D:14     | Identified the +1 hunting sling "Xixihod" {flame, Str+4 Int+4} (Okawaru gifted it to you on level 14 of the Dungeon)
 29839 | D:14     | Found a gate to the Vaults.
 29905 | D:15     | Entered Level 15 of the Dungeon
 30634 | D:15     | Found a staircase to the Depths.
 30920 | Lair:6   | Received a gift from Okawaru
 30955 | Snake:1  | Entered Level 1 of the Snake Pit
 31371 | Snake:1  | Noticed Asterion
 31795 | Snake:1  | Got a warped leather armour
 31860 | Snake:1  | Reached skill level 16 in Bows
 32435 | Snake:1  | Killed Asterion
 32435 | Snake:1  | Reached skill level 5 in Stealth
 33003 | Snake:2  | Identified the +3 leather armour of a sewer {Slay+4} (You found it on level 1 of the Snake Pit)
 33007 | Snake:2  | Received a gift from Okawaru
 33013 | Snake:2  | Reached skill level 5 in Invocations
 33186 | Snake:2  | Noticed Aizul
 33195 | Snake:2  | Killed Aizul
 33284 | Snake:2  | Reached skill level 5 in Evocations
 33330 | Snake:2  | Received a gift from Okawaru
 33356 | Snake:2  | Got a smoking longbow {god gift}
 33357 | Snake:2  | Identified the +1 longbow of Havoc {venom, +Blink Str+7 Stlth-} (Okawaru gifted it to you on level 2 of the Snake Pit)
 33604 | Snake:3  | Reached XP level 17. HP: 131/131 MP: 29/29
 34296 | Snake:3  | Received a gift from Okawaru
 34553 | Snake:3  | Noticed Donald
 34557 | Snake:3  | Killed Donald
 34634 | Snake:4  | Entered Level 4 of the Snake Pit
 35439 | Snake:4  | Received a gift from Okawaru
 35463 | Snake:4  | Received a gift from Okawaru
 35740 | D:12     | Bought a book of Enchantments for 800 gold pieces
 35747 | D:12     | Learned a level 6 spell: Deflect Missiles
 35754 | D:12     | Learned a level 6 spell: Haste
 36232 | Snake:4  | Received a gift from Okawaru
 36372 | Snake:4  | Received a gift from Okawaru
 36379 | Snake:4  | Noticed Vashnia
 36405 | Snake:4  | Killed Vashnia
 36405 | Snake:4  | Reached XP level 18. HP: 84/140 MP: 28/30
 36602 | Snake:4  | Got a serpentine rune of Zot
 36740 | Snake:4  | Got a bloodstained plate armour
 36741 | Snake:4  | Identified the +2 plate armour of the Unseen Realm {rC+ Regen+ MP+9 SInv} (You found it on level 4 of the Snake Pit)
 36790 | Snake:3  | Got a steaming chain mail
 36791 | Snake:3  | Identified the cursed +1 chain mail "Evataxot" {Int+5} (You found it on level 3 of the Snake Pit)
 37093 | Vaults:1 | Entered Level 1 of the Vaults
 37106 | Vaults:1 | Received a gift from Okawaru
 37107 | Vaults:1 | Got a pair of ancient gloves {god gift}
 37118 | Vaults:1 | Identified the +2 pair of gloves of Perpetual Drought {rElec} (Okawaru gifted it to you on level 1 of the Vaults)
 37502 | Vaults:1 | Reached skill level 17 in Bows
 38963 | Vaults:1 | Reached skill level 10 in Armour
 39157 | Vaults:1 | Reached skill level 10 in Dodging
 39549 | Vaults:2 | Noticed Wiglaf
 39555 | Vaults:2 | Killed Wiglaf
 39617 | Vaults:2 | Received a gift from Okawaru
 39866 | Vaults:2 | Reached XP level 19. HP: 142/147 MP: 31/31
 40184 | Vaults:2 | Noticed Xtahua
 40195 | Vaults:2 | Killed Xtahua
 40815 | Vaults:2 | Received a gift from Okawaru
 41142 | Vaults:2 | Received a gift from Okawaru
 41209 | Vaults:2 | Received a gift from Okawaru
 41215 | Vaults:2 | Noticed Norris
 41485 | Vaults:2 | Killed Norris
 42162 | Vaults:3 | Reached skill level 1 in Air Magic
 42206 | Vaults:3 | Reached skill level 5 in Charms
 42842 | Vaults:3 | Found a staircase to the Crypt.
 43440 | Vaults:4 | Noticed Boris
 43450 | Vaults:4 | Noticed Mennas
 43651 | Vaults:2 | Received a gift from Okawaru
 43897 | Elf:1    | Entered Level 1 of the Elven Halls
 44200 | Elf:1    | Reached XP level 20. HP: 156/156 MP: 32/32
 44205 | Elf:1    | Noticed Roxanne
 44224 | Elf:1    | Killed Roxanne
 44435 | Elf:1    | Reached skill level 18 in Bows
 44965 | Elf:2    | Found Xuqed's Jewellery Emporium.
 44987 | Elf:2    | Bought an uncursed ring of flight for 210 gold pieces
 45493 | Elf:2    | Found a runed gate.
 45493 | Elf:2    | Found a runed gate.
 45493 | Elf:2    | Found a runed gate.
 46552 | Elf:3    | Entered Level 3 of the Elven Halls
 46685 | Elf:3    | Reached skill level 5 in Air Magic
 46849 | Elf:3    | Received a gift from Okawaru
 47356 | Elf:3    | Received a gift from Okawaru
 47399 | Elf:3    | Received a gift from Okawaru
 47647 | Elf:3    | Received a gift from Okawaru
 47710 | Elf:3    | Reached XP level 21. HP: 158/163 MP: 24/34
 47719 | Elf:3    | Received a gift from Okawaru
 47839 | Elf:3    | Got a scorched lapis lazuli ring
 48250 | Elf:3    | Identified Kabiq's Disquisition on Glacial Arcane Weapons (You found it on level 3 of the Elven Halls)
 48252 | Elf:3    | Got a scintillating iron amulet
 48256 | Elf:3    | Got a scintillating iron amulet
 48263 | Elf:3    | Identified Sif Muna's Reference Book on Harmful Good Luck
 48266 | Elf:3    | Identified the Volume of Feathery Hexes
 48330 | Elf:3    | Got a pair of spiked gloves
 48341 | Elf:3    | Identified the amulet of Dearhir {Faith +Blink} (You found it on level 3 of the Elven Halls)
 48342 | Elf:3    | Identified the amulet of Onextiyt {Reflect rN+ SH+4} (You found it on level 3 of the Elven Halls)
 48343 | Elf:3    | Identified the cursed +0 pair of gloves of the Fiend {Str+2} (You found it on level 3 of the Elven Halls)
 48344 | Elf:3    | Identified the cursed ring of Irhy {rN+ MR+++ Str-2 Int-4 Slay-4} (You took it off a deep elf demonologist on level 3 of the Elven Halls)
 48365 | Elf:3    | Learned a level 5 spell: Aura of Abjuration
 48709 | Shoals:1 | Entered Level 1 of the Shoals
 48903 | Shoals:1 | Noticed Frances
 48915 | Shoals:1 | Killed Frances
 49049 | Shoals:1 | Reached skill level 1 in Summonings
 49257 | Shoals:1 | Noticed Nikola
 49267 | Shoals:1 | Killed Nikola
 49267 | Shoals:1 | Received a gift from Okawaru
 49268 | Shoals:1 | Found Zeaz's Jewellery Shoppe.
 49676 | Shoals:2 | Received a gift from Okawaru
 50775 | Shoals:3 | Noticed Mara
 50861 | Shoals:3 | Received a gift from Okawaru
 51376 | Shoals:3 | Killed Mara
 51376 | Shoals:3 | Reached skill level 10 in Stealth
 51376 | Shoals:3 | Reached skill level 10 in Spellcasting
 51487 | Shoals:4 | Entered Level 4 of the Shoals
 51498 | Shoals:4 | Noticed Inkary's ghost (adept MiFi)
 52080 | Shoals:4 | Killed Inkary's ghost
 52314 | Shoals:4 | Received a gift from Okawaru
 52480 | Shoals:4 | Received a gift from Okawaru
 52556 | Shoals:4 | Noticed Ilsuiw
 52569 | Shoals:4 | Received a gift from Okawaru
 52586 | Shoals:4 | Killed Ilsuiw
 52600 | Shoals:4 | Reached XP level 22. HP: 134/171 MP: 31/36
 52679 | Shoals:4 | Got a barnacled rune of Zot
 53171 | Crypt:1  | Entered Level 1 of the Crypt
 54200 | Crypt:2  | Found a shimmering altar of Xom.
 54277 | Crypt:2  | Killed from afar by a revenant

Skill      XL: |  1  2  3  4  5  6  7  8  9 10 11 12 13 14 15 16 17 18 19 20 21 22 |
---------------+-------------------------------------------------------------------+-----
Bows           | 4 5 6 7 8 10 11 12 13 14 15 16 17 18 | 18.9
Spellcasting   | 2 4 5 6 7 8 9 10 | 10.3
Conjurations   | 2 4 5 6 7 |  7.0
Fighting       | 3 5 6 7 8 9 10 11 12 13 14 | 14.0
Dodging        | 2 3 5 6 7 8 9 10 11 | 11.4
Armour         | 1 3 5 6 7 8 9 10 11 | 11.5
Charms         | 3 4 5 7 8 9 |  9.1
Stealth        | 3 5 6 7 8 9 10 | 10.2
Evocations     | 3 5 6 7 8 |  8.0
Invocations    | 3 5 6 7 8 |  8.0
Air Magic      | 3 5 7 8 |  8.0
Summonings     | 4 |  4.6

Action                   |  1- 3 |  4- 6 |  7- 9 | 10-12 | 13-15 | 16-18 | 19-21 | 22-24 || total
-------------------------+-------+-------+-------+-------+-------+-------+-------+-------++-------
Melee: Dagger            |       |     5 |    24 |    29 |       |       |       |       ||    58
       Shortbow          |       |       |     1 |       |       |       |       |       ||     1
       Morningstar       |       |       |       |    20 |     9 |       |       |       ||    29
 Fire: Shortbow          |    49 |   269 |   489 |   943 |   740 |       |       |       ||  2490
       Longbow           |       |       |       |       |  1054 |  1447 |  1897 |   280 ||  4678
 Cast: Repel Missiles    |       |       |       |     1 |    12 |    19 |    16 |     1 ||    49
       Mephitic Cloud    |       |       |       |       |    20 |     4 |     6 |       ||    30
       Conjure Flame     |       |       |       |       |    11 |     8 |     2 |     1 ||    22
Invok: Heroism           |       |       |       |     3 |     4 |     2 |    12 |       ||    21
       Finesse           |       |       |       |       |       |       |     5 |       ||     5
Evoke: Wand              |       |       |       |       |       |     2 |     4 |       ||     6
       Deck              |       |       |       |       |       |       |     1 |       ||     1
  Use: Scroll            |       |     9 |     6 |    14 |    17 |    13 |    20 |     4 ||    83
Armor: Leather armour    |     3 |    44 |    65 |     2 |       |    71 |   145 |    32 ||   362
       Ring mail         |       |       |     7 |       |   238 |    39 |       |       ||   284
       Troll leather arm |       |       |       |    78 |       |       |       |       ||    78
       Quicksilver drago |       |       |       |    55 |    26 |       |       |       ||    81
Dodge: Dodged            |     8 |    81 |   112 |   221 |   731 |   387 |   646 |    91 ||  2277
       Deflected         |       |       |       |       |    37 |    51 |    80 |     1 ||   169
